 Seeded DCSS version 0.27-a0-1105-g946c659c87 (webtiles) character file.

Game seed: 20210428 (custom seed)

70 Snicker the Sneak (level 4, -1/33 HPs)
             Began as a Demonspawn Brigand on Apr 29, 2021.
             Slain by a hobgoblin (2 damage)
             ... on level 3 of the Dungeon.
             The game lasted 00:02:00 (1469 turns).

Snicker the Sneak (Demonspawn Brigand)              Turns: 1469, Time: 00:02:01

Health: -1/33      AC:  6    Str: 11    XL:     4   Next: 3%
Magic:  4/4        EV: 10    Int: 12    God:
Gold:   58         SH:  0    Dex: 16    Spells: 3/3 levels left

rFire    . . .     SeeInvis .   b - +1 whip (elec)
rCold    . . .     Faith    .   (no shield)
rNeg     . . .     Spirit   .   g - +0 ring mail
rPois    .         Reflect  .   (no helmet)
rElec    .         Harm     .   c - +0 cloak
rCorr    .         Rampage  .   (no gloves)
Will     .....                  (no boots)
Stlth    ++........             (no amulet)
HPRegen  0.11/turn              (no ring)
MPRegen  0.09/turn              (no ring)

@: no status effects
A: talons 1, spiny 1
a: no special abilities


You were on level 3 of the Dungeon.
You visited 1 branch of the dungeon, and saw 3 of its levels.

You collected 58 gold pieces.

Inventory:

Hand Weapons
 a - a +2 dagger
 b - a +1 whip of electrocution (weapon)
Missiles
 d - 8 poisoned darts
 e - a curare-tipped dart (quivered)
Armour
 c - a +0 cloak (worn)
 g - a +0 ring mail (worn)
 j - a +0 pair of boots
 p - a +0 robe
Jewellery
 k - an amulet of faith
Scrolls
 f - a scroll of enchant weapon {unknown}
 h - a scroll of amnesia {unknown}
 i - a scroll of fear {unknown}
 l - a scroll of vulnerability {unknown}
 m - 2 scrolls of identify {unknown}
Potions
 n - a potion of attraction {unknown}
 o - a potion of curing {unknown}


   Skills:
 + Level 2.3 Fighting
 * Level 2.3 Short Blades
 + Level 1.9 Throwing
 + Level 0.2 Armour
 + Level 0.9 Dodging
 * Level 4.7 Stealth


You had 3 spell levels left.
You didn't know any spells.
Your spell library contained the following spells:

 Spells                   Type           Power      Damage    Failure   Level
 Corona                   Hex            0%         N/A       63%         1
 Ensorcelled Hibernation  Hex/Ice        0%         N/A       77%         2
 Confusing Touch          Hex            0%         N/A       94%         3
 Dazzling Flash           Conj/Hex       0%         N/A       94%         3
 Tukima's Dance           Hex            0%         N/A       94%         3


Dungeon Overview and Level Annotations

Branches:
Dungeon (3/15)

Altars:
Uskayaw


Innate Abilities, Weirdness & Mutations

You have sharp toenails.
You are partially covered in sharp spines.


Message History

The kobold is struck by your spines. The kobold hits you but does no damage.
The hobgoblin shouts!
You hit the kobold.
You kill the kobold!
The ball python barely misses you.
Things that are here:
a +1 whip of electrocution; a kobold corpse
p - a +1 whip of electrocution The ball python is struck by your spines.
You kill the ball python!
You have reached level 4!
You feel agile.
There are no objects that can be picked up here. a kobold corpse You hear the crackle of electricity.
p - a +1 whip of electrocution (weapon)
Unknown command.
Unknown command.
You are already wielding that!
Adjust to which letter? (? for menu, Esc to quit)
b - a +1 whip of electrocution (weapon);
p - a +0 robe Unknown command.
Unknown command.
You hit the quokka but do no damage.
You hear the slow rusting of a very distant drain.
The quokka bites you but does no damage.
You hit the quokka. You claw the quokka.
The quokka is almost dead.
The quokka barely misses you. The hobgoblin is struck by your spines.
The hobgoblin hits you but does no damage.
Unknown command.
You hit the quokka.
You kill the quokka!
The hobgoblin hits you.
* * * LOW HITPOINT WARNING * * *
Unknown command.
You hit the hobgoblin but do no damage.
The hobgoblin is heavily wounded.
The hobgoblin hits you.
You die...

..............
##.............
...............
#...........?.
#............. #.
#....$........ #..
#<..g†....... #.#
#..)@.......
...####.#......<.# ..
#.#>...†....###.#
.#..#.##......#....#.
....#.......†.#......#
..#....####.#)..[....#
....#...###†#..#.#.#...
...###.............###.
.................###


You could see a hobgoblin.

Vanquished Creatures
  2 adders (D:2)
  A dart slug (D:1)
  A worm (D:2)
  3 ball pythons
  7 bats
  2 endoplasms (D:2)
  A giant cockroach (D:3)
  5 goblins
  3 hobgoblins
  6 jackals (D:3)
  2 quokkas
  3 frilled lizards
  3 kobolds
  3 rats
42 creatures vanquished.

Vanquished Creatures (others)
  A dart slug (D:1)
  A bat (D:1)
2 creatures vanquished.

Grand Total: 44 creatures vanquished

Notes
Turn   | Place    | Note
-------+----------+-------------------------------------------
     0 | D:1      | Snicker the Demonspawn Brigand began the quest for the Orb.
     0 | D:1      | Reached XP level 1. HP: 16/16 MP: 1/1
   188 | D:1      | Found a faded altar of an unknown god.
   428 | D:2      | Gained mutation: You are partially covered in sharp spines.
                  | [demonic ancestry]
   428 | D:2      | Reached XP level 2. HP: 22/22 MP: 2/2
   463 | D:2      | Reached skill level 4 in Stealth
   703 | D:2      | Found a hide-covered altar of Uskayaw.
   823 | D:2      | Gained mutation: You have sharp toenails. [demonic
                  | ancestry]
   823 | D:2      | Reached XP level 3. HP: 27/27 MP: 3/3
  1465 | D:3      | Reached XP level 4. HP: 3/33 MP: 4/4
  1468 | D:3      | HP: 1/33 [hobgoblin (2)]
  1469 | D:3      | Slain by a hobgoblin

Illustrated notes

Levels and vault maps discovered:
D:1:      psy_arrival_terrarium, layout_loops_cross,
          hellmonk_ecumenical_altar_crossroads, minivault_26,
          lemuel_flame_loot_1
D:2:      layout_loops_corners, basic_altar, amethyst_killhole
D:3:      layout_rooms, lemuel_tele_altar, nicolae_uskayaw_dance_hall,
          nicolae_ashenzari_skybound, gammafunk_ghost_necromancy,
          portal_sewer_entry_b, guppyfry_early_orc_mine

Skill      XL: |  1  2 |
---------------+-------+-----
Short Blades   | 2 |  2.3
Stealth        | 4 |  4.7
Fighting       | |  2.3
Throwing       | |  1.9
Armour         | |  0.2
Dodging        | |  0.9

Action                   |  1- 3 |  4- 6 || total
-------------------------+-------+-------++-------
Melee: Dagger            |    76 |       ||    76
       Kick              |     7 |     1 ||     8
       Whip              |       |     4 ||     4
Throw: Dart              |     1 |       ||     1
 Stab: Sleeping          |     5 |       ||     5
Armor: Robe              |     6 |       ||     6
       Ring mail         |    27 |     2 ||    29
Dodge: Dodged            |    43 |     1 ||    44

Table legend: (Time is in decaauts)
 A = Elapsed time spent in this place.
 B = Non-inter-level travel time spent in this place.
 C = Inter-level travel time spent in this place.
 D = Time resting spent in this place.
 E = Time spent auto-exploring this place.
 F = Levels seen in this place.
 G = Mean time per level.
                   A        B        C        D        E       F      G
               +--------+--------+--------+--------+--------+-----+--------+
         Total |   1460 |   1383 |     77 |      0 |   1067 |   3 |  486.7 |
       Dungeon |   1460 |   1383 |     77 |      0 |   1067 |   3 |  486.7 |
               +--------+--------+--------+--------+--------+-----+--------+

Top non-repeatable levels by time:
     D:2: 989 daAuts
     D:1: 417 daAuts
     D:3: 53 daAuts
